 Dungeon Crawl Stone Soup version 0.28.0-45-g0d030f2227 (webtiles) character file.

Game seed: 7415627763242451048

104493 MalarOregon the Fighter (level 15, 0/121 (123) HPs)
             Began as a Palentonga Fighter on Apr 22, 2022.
             Was the Champion of Hepliaklqana.
             Slain by a +1 glaive of freezing (16 damage)
             ... on level 1 of the Elven Halls.
             The game lasted 00:52:12 (36270 turns).

MalarOregon the Fighter (Palentonga Fighter)       Turns: 36270, Time: 00:52:12

HP:   0/121 (123)   AC: 34    Str: 26    XL:     15   Next: 92%
MP:   0/22          EV:  9    Int: 10    God:    Hepliaklqana [******]
Gold: 2612          SH:  0    Dex:  9    Spells: 14/14 levels left

rFire   + . .      SeeInvis +   a - +5 battleaxe (chaos)
rCold   + . .      Faith    .   (shield currently unavailable)
rNeg    . . .      Spirit   +   k - +3 swamp dragon scales
rPois   +          Reflect  .   W - +2 helmet
rElec   .          Harm     .   q - scarf {rC+ rF+}
rCorr   .          Rampage  .   G - +1 pair of gloves
Will    +++..                   E - +1 barding
Stlth   ..........              s - amulet of guardian spirit
HPRegen 0.30/turn               Z - ring of willpower
MPRegen 0.18/turn               A - ring of willpower

@: lightly drained, curled up
A: reduced essence, large, rugged brown scales 3, see invisible, deformed body,
roll 1, armoured tail, reflexive curl
a: Rolling Charge, Renounce Religion, Recall Ancestor, Ancestor Identity,
Transference, Idealise


You were on level 1 of the Elven Halls.
You worshipped Hepliaklqana.
Hepliaklqana was exalted by your worship.
You visited 4 branches of the dungeon, and saw 24 of its levels.
You visited 1 bazaar.
You also visited: Bailey.

You collected 3884 gold pieces.
You spent 1272 gold pieces at shops.


Innate Abilities, Weirdness & Mutations

Your life essence is reduced to manifest your ancestor. (-10% HP)
You are completely covered in rugged brown scales. (AC +3, +7% HP)
You have supernaturally acute eyesight. (SInv)
Armour fits poorly on your strangely shaped body.
You can roll at nearby foes to attack.
You have a long armoured tail.
You curl defensively after being hit. (AC +7*)


   Skills:
 * Level 14.9 Fighting
 * Level 14.8 Axes
 * Level 12.7 Armour
 + Level 8.8 Dodging
 - Level 2.4 Shields
 + Level 10.4 Invocations
 + Level 3.4 Evocations


You had 14 spell levels left.
You didn't know any spells.
Your spell library contained the following spells:

 Spells                   Type           Power      Damage    Failure   Level
 Animate Skeleton         Necr           0%         N/A       45%         1
 Pain                     Necr           0%         1d4       45%         1
 Shock                    Conj/Air       0%         1d3       45%         1
 Slow                     Hex            0%         N/A       45%         1
 Sting                    Tmut/Pois      0%         1d3       45%         1
 Blink                    Tloc           0%         N/A       61%         2
 Poisonous Vapours        Pois/Air       0%         N/A       61%         2
 Static Discharge         Conj/Air       0%         N/A       61%         2
 Call Canine Familiar     Summ           0%         N/A       83%         3
 Confusing Touch          Hex            0%         N/A       83%         3
 Gell's Gravitas          Tloc           0%         N/A       83%         3
 Inner Flame              Hex/Fire       0%         N/A       83%         3
 Lesser Beckoning         Tloc           0%         N/A       83%         3
 Portal Projectile        Hex/Tloc       0%         N/A       83%         3
 Swiftness                Air            0%         N/A       83%         3
 Teleport Other           Tloc           0%         N/A       83%         3
 Vampiric Draining        Necr           0%         2d6       83%         3
 Airstrike                Air            0%         N/A       99%         4
 Animate Dead             Necr           0%         N/A       99%         4
 Cause Fear               Hex            0%         N/A       99%         4
 Dispel Undead            Necr           0%         3d6       99%         4
 Leda's Liquefaction      Hex/Erth       0%         N/A       99%         4
 Olgreb's Toxic Radiance  Pois           0%         N/A       99%         4
 Sticky Flame             Conj/Fire      0%         2d3       99%         4
 Summon Lightning Spire   Summ/Air       0%         N/A       99%         4
 Borgnjor's Vile Clutch   Necr/Erth      0%         N/A       100%        5
 Manifold Assault         Tloc           0%         N/A       100%        5
 Death Channel            Necr           0%         N/A       100%        6
 Dispersal                Tloc           0%         N/A       100%        6
 Storm Form               Tmut/Air       0%         N/A       100%        7
 Discord                  Hex            0%         N/A       100%        8
 Maxwell's Capacitive Co  Air            0%         ∞         100%        8

Inventory:

Hand Weapons
 a - a +5 battleaxe of chaos (weapon)
   (You took it off a wight on level 8 of the Dungeon)
 b - a +3 demon whip of electrocution
   (You acquired it on level 4 of the Lair of Beasts)
Missiles
 y - 7 throwing nets {!f}
Armour
 k - +3 swamp dragon scales (worn)
   (You took it off Maggie on level 7 of the Dungeon)
 q - a scarf of resistance (worn)
   (You found it on level 3 of the Dungeon)
 E - a +1 barding (worn)
   (You took it off a centaur on level 8 of the Dungeon)
 G - a +1 pair of gloves (worn)
   (You found it on level 9 of the Dungeon)
 M - a +0 crystal plate armour
   (You found it on level 1 of the Lair of Beasts)
 W - a +2 helmet (worn)
   (You found it on level 12 of the Dungeon)
Jewellery
 o - a ring of protection from cold
   (You bought it in a shop in a bazaar)
 s - an amulet of guardian spirit (around neck)
   (You found it on level 8 of the Dungeon)
 z - a ring of poison resistance
   (You took it off a wight on level 8 of the Dungeon)
 A - a ring of willpower (right hand)
   (You bought it in a shop on level 2 of the Dungeon)
 B - a ring of resist corrosion
   (You bought it in a shop on level 2 of the Dungeon)
 I - a ring of flight
   (You found it on level 3 of the Lair of Beasts)
 R - a ring of positive energy
   (You bought it in a shop in a bazaar)
 Z - a ring of willpower (left hand)
   (You found it on level 13 of the Dungeon)
Wands
 d - a wand of iceblast (25)
   (You took it off Maggie on level 7 of the Dungeon)
 t - a wand of flame (65)
   (You found it on level 9 of the Dungeon)
 x - a wand of acid (5)
   (You found it on level 10 of the Dungeon)
 N - a wand of polymorph (7)
   (You found it on level 13 of the Dungeon)
 Q - a wand of charming (8)
   (You found it on level 4 of the Lair of Beasts)
Scrolls
 e - a scroll of amnesia {unknown}
 g - 9 scrolls of immolation {!r}
 u - 4 scrolls of blinking
 w - 4 scrolls of vulnerability {!r}
 D - 9 scrolls of teleportation {@r4}
 F - 3 scrolls of fear
 K - 5 scrolls of fog
 P - 4 scrolls of magic mapping
 V - 3 scrolls of identify {@r1}
 Y - a scroll of summoning
Potions
 c - 2 potions of mutation {!q}
 f - 7 potions of brilliance
 h - 5 potions of heal wounds {@q2}
 i - 10 potions of curing {@q1}
 j - a potion of flight
 l - 4 potions of lignification {!q}
 m - 2 potions of haste {@q3}
 n - 4 potions of attraction {!q}
 r - a potion of invisibility
 v - 3 potions of resistance
 C - 2 potions of cancellation
 H - 4 potions of ambrosia
 O - 4 potions of might
 T - 2 potions of magic
Miscellaneous
 p - a piece from Xom's chessboard (15/15)
   (You found it on level 10 of the Dungeon)
 J - a phial of floods
   (You found it on level 12 of the Dungeon)
 U - a lightning rod (4/4) {!a}
   (You found it on level 11 of the Dungeon)
 X - a box of beasts (inert)
   (You found it on level 12 of the Dungeon)

Dungeon Overview and Level Annotations

Branches:
Dungeon (15/15)            Temple (0/1) D:4            Lair (6/6) D:10
  Swamp (0/4) Lair:2        Snake (0/4) Lair:2        Slime (0/5) Lair:6
    Orc (2/2) D:10            Elf (1/3) Orc:2        Vaults (0/5) D:14
 Depths (0/4) D:15         Bailey (visited)

Altars:
Ashenzari
Cheibriados
Elyvilon
Fedhas
Gozag
Hepliaklqana
Kikubaaqudgha
Makhleb
Nemelex Xobeh
Okawaru
Trog
Uskayaw
Vehumet
Wu Jian
Yredelemnul
The Shining One
Beogh
Jiyva

Shops:
D:1 !   D:2 =   D:10 *   Orc:1 (   Orc:2 (!(:   Elf:1 =

Annotations:
D:8 2 transporters, Hydra2011's ghost, novice GrFi
Lair:2 3 runed translucent doors, jacek's ghost, journeyman DDCA

##+.....## ##.##
#........## ####.##
####......#..# ###.#'##
..+.#....#..+ . .+.....#
....#....#.....##.....#
##..#....#..#..##.....#
#
..#..#....##...####.#'##
....#..#).##..#.##
####.### #....##.@#.#.#
##'#. #..##..#H#...#
##.. #.##..#.#.()#'#
#... ..#....#...###..
#... . #..#.....#.....
+... #...#..8..###.?.
#... #...#......## .
#... #.###.......# ##..
#. .......... ##.


You could see a +1 glaive of freezing (ally target) and a friendly larval
batweird beast (summoned).


Message History

The deep elf pyromancer gestures at you while chanting.
The sticky flame hits you but does no damage.
You are covered in liquid flames!
Zimri-Dagan casts a spell at the deep elf pyromancer.
The stone arrow misses the deep elf pyromancer.
The water elemental moves out of view.
There is a large open door here.
Found a potion of ambrosia.
You are covered in liquid flames!
The deep elf pyromancer misses you.
There is a large open door here.
You cut the deep elf pyromancer into ribbons!!!
You burn the deep elf pyromancer.
You kill the deep elf pyromancer!
You are covered in liquid flames!
You are no longer on fire.
You see here a +0 short sword.
You closely miss the water elemental.
You tail-slap the water elemental, but do no damage.
The water elemental hits you.
You slash the water elemental!
Your tail-slap misses the water elemental.
The water elemental hits you.
The water elemental engulfs you in water!
You slice the water elemental!!
You destroy the water elemental!
You gasp with relief as air once again reaches your lungs.
No target in view!
H - 4 potions of ambrosia (gained 1)
A deep elf zephyrmancer comes into view.
It is wielding a +1 rapier of protection.
A deep elf zephyrmancer is nearby!
A deep elf zephyrmancer is nearby!
The deep elf zephyrmancer casts a spell.
The deep elf zephyrmancer blinks!
No target in view!
No target in view!
No target in view!
No target in view!
A deep elf zephyrmancer is nearby!
A deep elf zephyrmancer is nearby!
A deep elf zephyrmancer is nearby!
You barely miss the deep elf zephyrmancer.
The deep elf zephyrmancer closely misses you.
Zimri-Dagan hits the deep elf zephyrmancer with a +0 quarterstaff!!
You hit the deep elf zephyrmancer.
The deep elf zephyrmancer closely misses you.
Zimri-Dagan hits the deep elf zephyrmancer with a +0 quarterstaff!
You slash the deep elf zephyrmancer!
You kill the deep elf zephyrmancer!
No target in view!
T - 2 potions of magic (gained 1)
Things that are here:
a +1 rapier of protection; a +0 leather armour; an elf corpse A deep elf zephyrmancer comes into view.
It is wielding a +0 long sword.
Found a scroll of identify.
The deep elf zephyrmancer shouts!
The deep elf zephyrmancer moves out of view.
A deep elf zephyrmancer comes into view.
It is wielding a +0 long sword.
The deep elf zephyrmancer shouts!
A deep elf zephyrmancer is nearby!
A deep elf zephyrmancer is nearby!
A deep elf zephyrmancer is nearby!
No reachable target in view!
No reachable target in view!
The deep elf zephyrmancer hits you but does no damage.
You slice the deep elf zephyrmancer!!
You tail-slap the deep elf zephyrmancer.
The deep elf zephyrmancer hits you but does no damage.
You slice the deep elf zephyrmancer!! You freeze the deep elf zephyrmancer.
You kill the deep elf zephyrmancer!
You slash the deep elf zephyrmancer!
The deep elf zephyrmancer looks as sick as possible!
The deep elf zephyrmancer points at you and mumbles some strange words.
The bolt of lightning hits you!!! The bolt of lightning hits you!!
You slash the deep elf zephyrmancer! You burn the deep elf zephyrmancer.
The deep elf zephyrmancer gestures at you while chanting.
The bolt of lightning hits you!!
* * * LOW HITPOINT WARNING * * *
The bolt of lightning hits you!!!
* * * LOW HITPOINT WARNING * * *
You swap places.
Okay, then.
Aiming: Corrosive Bolt
Press: ? - help, Shift-Dir - straight line, f - deep elf zephyrmancer
Aim: a deep elf zephyrmancer, wielding a +0 long sword and wearing a +0 leather armour (severely wounded, extremely poisoned, 64% to hit)
Zimri-Dagan avoids your attack.
The bolt of acid misses the deep elf zephyrmancer.
Zimri-Dagan hits the deep elf zephyrmancer with a +0 quarterstaff!
The deep elf zephyrmancer dies!
You start resting.
Something hits Zimri-Dagan!
Something freezes Zimri-Dagan.
Something closely misses Zimri-Dagan.
Something hits Zimri-Dagan!!
Something freezes Zimri-Dagan.
Zimri-Dagan is destroyed!
You hear a shout!
A +1 glaive of freezing comes into view.
You open the lid... ...and a larval batweird beast flies out!
The box is emptied!
The +1 glaive of freezing hits you from afar!!
You die...

Skill      XL: |  1  2  3  4  5  6  7  8  9 10 11 12 13 14 15 |
---------------+----------------------------------------------+-----
Armour         | 3 4 5 6 7 8 10 11 12 | 12.7
Dodging        | 1 2 3 4 5 6 7 8 |  8.8
Axes           | 3 4 5 6 7 9 10 11 12 13 14 | 14.8
Fighting       | 4 5 6 8 9 10 11 13 14 | 14.9
Invocations    | 3 4 6 7 8 9 10 | 10.4
Evocations     | 1 3 |  3.4
Shields        | |  2.4

Action                   |  1- 3 |  4- 6 |  7- 9 | 10-12 | 13-15 || total
-------------------------+-------+-------+-------+-------+-------++-------
Melee: War axe           |   138 |   119 |   119 |       |       ||   376
       Tailslap          |     6 |    10 |    30 |    59 |   159 ||   264
       Battleaxe         |       |       |    85 |   385 |   801 ||  1271
       Morningstar       |       |       |       |    17 |       ||    17
       Scimitar          |       |       |       |     6 |       ||     6
       Demon whip        |       |       |       |     6 |    34 ||    40
       Punch             |       |       |       |     2 |     1 ||     3
Invok: Ancestor Identity |     1 |       |       |       |       ||     1
       Ancestor Life: Ba |       |     1 |       |       |       ||     1
       Recall Ancestor   |       |       |     1 |     1 |     3 ||     5
       Transference      |       |       |     1 |       |       ||     1
 Abil: Rolling Charge    |       |       |     6 |    13 |    28 ||    47
Evoke: Wand              |       |       |       |     5 |     1 ||     6
       Box of beasts     |       |       |       |       |     1 ||     1
  Use: Scroll            |       |       |     8 |    10 |    16 ||    34
       Potion            |       |       |     1 |     4 |     5 ||    10
 Stab: Distracted        |       |     1 |     2 |     3 |    11 ||    17
       Invisible         |       |       |       |     3 |       ||     3
Armor: Scale mail        |    85 |    75 |    55 |       |       ||   215
       Swamp dragon scal |       |       |    55 |   308 |   728 ||  1091
Dodge: Dodged            |    45 |    48 |   103 |   205 |   404 ||   805
Block: Buckler           |    31 |    32 |    25 |       |       ||    88

Levels and vault maps discovered:
D:1:      onia_arrival_mini_maze, layout_basic, serial_shops, shop,
          chequers_ecumenical_altar_island, minmay_split_cup_large
D:2:      cheibrodos_fertilizer, layout_basic, serial_shops, shop_coins,
          minmay_misc_feat_pillars
D:3:      layout_loops_ring, grunt_temple_overflow_open
D:4:      layout_rooms, tso_altar, mainiacjoe_overflow_24_doors,
          cheibriados_altar_1, amcnicky_altar_gilded, nzn_wu_jian_contemplation,
          minmay_temple_entry_mini_moons
D:5:      layout_basic, kennysheep_vampire_church
D:6:      layout_gridville
D:7:      layout_loops_ring, marbit_many_paths, uniq_maggie
D:8:      layout_basic, mainiacjoe_overflow_chevrons,
          gammafunk_ghost_wrathful_warriors
D:9:      layout_long_grid, lemuel_mausoleum_altar_yredelemnul, enter_bailey_3
D:10:     layout_irregular_city, mainiacjoe_overflow_alcove_1,
          general_overflow_altar, due_lair_maze_entry_diamond,
          zombieorc2_lemuel, serial_shops, nicolae_lakefront_shop
D:11:     nzn_winding_woodlands_medium [nzn_winding_woodlands_5x5_three,
          nzn_winding_woodlands_5x15_jagged, nzn_winding_woodlands_5x5_cross,
          nzn_winding_woodlands_5x5_perimeter,
          nzn_winding_woodlands_center_triple_pond,
          nzn_winding_woodlands_hourglass, nzn_winding_woodlands_5x5_default,
          nzn_winding_woodlands_5x15_zeroes, nzn_winding_woodlands_5x5_default],
          layout_loops_ring, hangedman_decor_lopped, okawaru_gym_becter,
          uniq_maurice, uniq_harold
D:12:     layout_cave_pools
D:13:     layout_basic, hangedman_abyss_or_decor_slice,
          david_defended_altar_orc, uniq_urug
D:14:     layout_loops_ring, grunt_vaults_entry_tiered,
          hangedman_abyss_or_decor_lesser_grid
D:15:     grunt_enter_depths_snipers, layout_basic, serial_bayou_pond_c,
          uniq_jorgrun
Lair:1:   layout_loops_ring, serial_bayou_lagoon_a,
          nicolae_quartered_pool_super, nicolae_lair_lindhole,
          infiniplex_staircase_pool, uniq_prince_ribbit2, uniq_erica
Lair:2:   layout_small_grid, nicolae_swamp_entry_splash_gauntlet,
          minmay_snake_entry_spellcaster, ebering_ghost_rock_garden
Lair:3:   layout_regular_city, grunt_megastairs_4
Lair:4:   layout_regular_city
Lair:5:   layout_regular_city
Lair:6:   cheibrodos_lair_end_hotspot, layout_cave_shapes, slime_altar_1
Orc:1:    layout_diamond_mine, serial_shops, nicolae_shop_overgrown_old_shop,
          mines_bat_river, uniq_nergalle
Orc:2:    kennysheep_orc_mage_school, layout_diamond_mine, serial_shops,
          bzr_entry_dummy, minmay_orc_keep
Elf:1:    eino_elf_arrival_the_gate, layout_geoelf_octagon, serial_shops,
          nicolae_shop_stone, hangedman_elf_represent,
          serial_sigils_hangedman_scar, minmay_misc_feat_rows

Notes
Turn   | Place    | Note
-------+----------+-------------------------------------------
     0 | D:1      | MalarOregon the Palentonga Fighter began the quest for the
                  | Orb.
     0 | D:1      | Reached XP level 1. HP: 19/19 MP: 1/1
   128 | D:1      | You pick up a book of Touch and begin reading...
   128 | D:1      | You add the spells Static Discharge, Sticky Flame and
                  | Dispel Undead to your library.
   192 | D:1      | Found Wytweuss's Distillery.
   196 | D:1      | Reached XP level 2. HP: 25/25 MP: 2/2
   507 | D:1      | You fall into a shaft and drop 1 floor!
   588 | D:2      | Found Nilijozo's Jewellery Boutique.
   616 | D:2      | Reached XP level 3. HP: 26/31 MP: 3/3
  1334 | D:1      | Reached skill level 3 in Armour
  1548 | D:1      | Found a faded altar of an unknown god.
  2030 | D:1      | Prayed at the altar of an unknown god.
  2030 | D:1      | Became a worshipper of Hepliaklqana the Forgotten
  2030 | D:1      | Reached * piety under Hepliaklqana
  2175 | D:2      | Reached XP level 4. HP: 16/34 MP: 4/4
  2747 | D:2      | Reached skill level 1 in Dodging
  2851 | D:2      | Reached skill level 3 in Axes
  2875 | D:2      | Reached skill level 4 in Fighting
  2875 | D:2      | Reached XP level 5. HP: 27/40 MP: 5/5
  3671 | D:3      | Found a hide-covered altar of Uskayaw.
  3674 | D:3      | Found an opulent altar of Gozag.
  4233 | D:4      | Reached ** piety under Hepliaklqana
  4234 | D:4      | Remembered your ancestor Zimri-Dagan as a battlemage
  4255 | D:4      | Reached XP level 6. HP: 22/47 MP: 6/6
  4465 | D:4      | Found a burning altar of Makhleb.
  4736 | D:4      | Found a glowing golden altar of the Shining One.
  4788 | D:4      | Found a snail-covered altar of Cheibriados.
  4842 | D:4      | Found a broken altar of Ashenzari.
  4857 | D:4      | Found a staircase to the Ecumenical Temple.
  4890 | D:4      | Found an ornate altar of the Wu Jian Council.
  4905 | D:4      | Reached skill level 4 in Axes
  4920 | D:4      | Reached skill level 4 in Armour
  4920 | D:4      | Reached skill level 2 in Dodging
  5219 | D:5      | Entered Level 5 of the Dungeon
  5231 | D:5      | Gained mutation: You curl defensively after being hit. (AC
                  | +7*) [Palentonga growth]
  5231 | D:5      | Reached XP level 7. HP: 37/53 MP: 7/7
  5233 | D:5      | Reached skill level 5 in Fighting
  5742 | D:5      | Found an ancient bone altar of Kikubaaqudgha.
  5923 | D:5      | Noticed a wraith
  5931 | D:5      | Killed a wraith
  5932 | D:5      | Reached skill level 5 in Axes
  6062 | D:5      | Reached XP level 8. HP: 44/62 MP: 8/8
  6337 | D:6      | Reached skill level 6 in Fighting
  6338 | D:6      | Reached skill level 5 in Armour
  6648 | D:6      | Reached skill level 3 in Dodging
  6705 | D:6      | Reached skill level 6 in Axes
  6913 | D:6      | Reached *** piety under Hepliaklqana
  7058 | D:6      | You add the spells Gell's Gravitas, Teleport Other and
                  | Dispersal to your library.
  7167 | D:6      | You pick up a book of the Sky and begin reading...
  7167 | D:6      | You add the spells Summon Lightning Spire, Storm Form and
                  | Maxwell's Capacitive Coupling to your library.
  7622 | D:7      | Reached XP level 9. HP: 23/68 MP: 9/9
  7785 | D:7      | Reached skill level 7 in Fighting
  7866 | D:7      | Reached skill level 1 in Invocations
  8282 | D:7      | Reached skill level 6 in Armour
  8390 | D:7      | Noticed Maggie
  8401 | D:7      | HP: 9/66 [Maggie/bolt of fire (12)]
  8795 | D:7      | You pick up a book of Hexes and begin reading...
  8795 | D:7      | You add the spells Inner Flame, Cause Fear and Discord to
                  | your library.
  9098 | D:7      | Killed Maggie
  9099 | D:7      | Reached skill level 7 in Axes
  9320 | D:7      | Reached skill level 2 in Invocations
  9341 | D:7      | Found a white marble altar of Elyvilon.
  9380 | D:8      | Found a bloodstained altar of Trog.
  9440 | D:8      | Noticed a troll
  9448 | D:8      | Killed a troll
  9449 | D:8      | Reached skill level 4 in Dodging
  9789 | D:8      | Reached skill level 8 in Fighting
  9943 | D:8      | Noticed a moth of wrath
  9947 | D:8      | Found a transporter.
  9949 | D:8      | Noticed Hydra2011's ghost (novice GrFi)
  9950 | D:8      | Noticed a two-headed ogre
  9974 | D:8      | Reached skill level 3 in Invocations
 10231 | D:2      | Bought a ring of willpower for 325 gold pieces
 10231 | D:2      | Bought a ring of resist corrosion for 260 gold pieces
 10606 | D:8      | Reached XP level 10. HP: 74/76 MP: 10/12
 10623 | D:8      | Found a transporter.
 10629 | D:8      | Found a bloodstained altar of Trog.
 11343 | D:8      | You pick up a book of Displacement and begin reading...
 11357 | D:8      | Reached **** piety under Hepliaklqana
 11386 | D:8      | Reached skill level 8 in Axes
 11823 | D:9      | Reached skill level 7 in Armour
 11844 | D:9      | You add the spells Sting, Poisonous Vapours and Olgreb's
                  | Toxic Radiance to your library.
 11884 | D:9      | Found a flagged portal.
 11897 | Bailey   | Entered a bailey
 12075 | Bailey   | Noticed an orc knight
 12075 | Bailey   | Noticed an orc knight
 12139 | Bailey   | HP: 5/79 [orc knight/+0 battleaxe (18)]
 12186 | Bailey   | Killed an orc knight
 12190 | Bailey   | Killed an orc knight
 12191 | Bailey   | Reached skill level 4 in Invocations
 12470 | Bailey   | Noticed an orc knight
 12473 | Bailey   | Found an iron altar of Okawaru.
 12482 | Bailey   | HP: 15/79 [orc knight/+0 war axe (9)]
 12483 | Bailey   | HP: 6/79 [orc knight/+0 war axe (8)]
 12484 | Bailey   | Killed an orc knight
 12485 | Bailey   | Reached skill level 9 in Fighting
 13335 | D:9      | Found a basalt altar of Yredelemnul.
 13342 | D:9      | Reached skill level 9 in Axes
 13353 | D:9      | Reached skill level 5 in Dodging
 13874 | D:10     | Entered Level 10 of the Dungeon
 13918 | D:10     | Reached XP level 11. HP: 61/86 MP: 9/14
 14036 | D:10     | Found a staircase to the Orcish Mines.
 14069 | D:10     | Reached skill level 8 in Armour
 14185 | D:10     | Found a sparkling altar of Nemelex Xobeh.
 14217 | D:10     | Found a staircase to the Lair.
 14363 | D:10     | Found a blossoming altar of Fedhas.
 14367 | D:10     | Identified the +0 leather armour of Kaegem {Drain Int+5}
 14451 | D:10     | Noticed a centaur warrior
 14457 | D:10     | Killed a centaur warrior
 14458 | D:10     | Reached skill level 5 in Invocations
 14694 | D:10     | You pick up a book of the Hunter and begin reading...
 14694 | D:10     | You add the spells Call Canine Familiar, Portal Projectile
                  | and Leda's Liquefaction to your library.
 14990 | D:10     | Found Puodod's General Store.
 14999 | D:10     | Bought a potion of lignification for 42 gold pieces
 15116 | Lair:1   | Entered Level 1 of the Lair of Beasts
 15116 | Lair:1   | Noticed Erica
 15121 | Lair:1   | Killed Erica
 15125 | Lair:1   | Reached skill level 10 in Fighting
 15310 | Lair:1   | Identified a +0 crystal plate armour
 15484 | Lair:1   | Noticed a seven-headed hydra
 15490 | Lair:1   | Reached skill level 10 in Axes
 15492 | Lair:1   | HP: 20/88 [five-headed hydra (8)]
 15493 | Lair:1   | Killed a five-headed hydra
 15831 | Lair:1   | Noticed a lindwurm
 15833 | Lair:1   | Noticed a lindwurm
 15837 | Lair:1   | Noticed a lindwurm
 16022 | Lair:1   | Killed a lindwurm
 16024 | Lair:1   | Killed a lindwurm
 16025 | Lair:1   | Reached skill level 6 in Invocations
 16028 | Lair:1   | Killed a lindwurm
 16029 | Lair:1   | Reached XP level 12. HP: 57/96 MP: 11/16
 16178 | Lair:1   | Reached ***** piety under Hepliaklqana
 16261 | Lair:1   | Reached skill level 9 in Armour
 16441 | Lair:1   | Noticed Prince Ribbit
 16447 | Lair:1   | Killed Prince Ribbit
 17594 | Lair:2   | Reached skill level 6 in Dodging
 17792 | Lair:2   | Found a staircase to the Snake Pit.
 17925 | Lair:2   | You pick up a book of Debilitation and begin reading...
 17925 | Lair:2   | You add the spells Slow, Vampiric Draining and Confusing
                  | Touch to your library.
 17964 | Lair:2   | Reached skill level 11 in Fighting
 18442 | Lair:2   | You fall into a shaft and drop 1 floor!
 18442 | Lair:3   | Noticed a catoblepas
 18461 | Lair:3   | Killed a catoblepas
 18668 | Lair:2   | Found a runed translucent gate.
 18668 | Lair:2   | Found a runed translucent gate.
 18668 | Lair:2   | Found a runed translucent gate.
 18670 | Lair:2   | Noticed jacek's ghost (journeyman DDCA)
 18752 | Lair:2   | Reached skill level 11 in Axes
 18978 | Lair:2   | Found a staircase to the Swamp.
 19629 | Lair:3   | Reached skill level 7 in Invocations
 19868 | Lair:3   | Noticed a four-headed hydra
 19873 | Lair:3   | Killed a four-headed hydra
 20470 | Lair:4   | Identified the +6 chain mail of Hangman {Fly rPois Int+3}
 20514 | Lair:4   | Identified a scroll of acquirement
 20514 | Lair:4   | Acquired a +3 demon whip of electrocution
 20589 | Lair:4   | Reached ****** piety under Hepliaklqana
 20693 | Lair:4   | Noticed a six-headed hydra
 20702 | Lair:4   | Killed a six-headed hydra
 20703 | Lair:4   | Reached skill level 10 in Armour
 21319 | Lair:4   | You pick up a book of Spatial Translocations and begin
                  | reading...
 21319 | Lair:4   | You add the spells Blink and Manifold Assault to your
                  | library.
 21466 | Lair:5   | Noticed a catoblepas
 21475 | Lair:5   | Killed a catoblepas
 21476 | Lair:5   | Reached XP level 13. HP: 45/103 MP: 8/18
 22026 | Lair:5   | Reached skill level 12 in Fighting
 22356 | Lair:5   | Reached skill level 12 in Axes
 23052 | Lair:6   | Entered Level 6 of the Lair of Beasts
 23052 | Lair:6   | Found a viscous altar of Jiyva.
 23052 | Lair:6   | Found a staircase to the Slime Pits.
 23173 | Lair:6   | Reached skill level 7 in Dodging
 23299 | Lair:6   | HP: 26/105 [poisoned by a cane toad]
 23304 | Lair:6   | HP: 22/105 [poisoned by a cane toad]
 23617 | Lair:6   | Reached skill level 8 in Invocations
 24597 | Lair:6   | You pick up a book of Air and begin reading...
 24597 | Lair:6   | You add the spells Shock, Swiftness and Airstrike to your
                  | library.
 24614 | Lair:6   | You pick up a book of Unlife and begin reading...
 24614 | Lair:6   | You add the spells Animate Dead, Borgnjor's Vile Clutch and
                  | Death Channel to your library.
 24940 | Lair:6   | Reached skill level 11 in Armour
 24965 | Lair:6   | Reached skill level 13 in Fighting
 24975 | Lair:6   | Reached XP level 14. HP: 47/114 MP: 12/20
 25256 | Lair:6   | Found a large runed translucent door.
 25304 | Lair:6   | Found a large runed translucent door.
 25325 | Lair:6   | Reached skill level 13 in Axes
 26031 | Orc:1    | Entered Level 1 of the Orcish Mines
 26031 | Orc:1    | Noticed Nergalle
 26038 | Orc:1    | Killed Nergalle
 26157 | Orc:1    | Noticed an orc warlord
 26389 | D:10     | Killed an orc warlord
 27168 | Orc:2    | Entered Level 2 of the Orcish Mines
 27220 | Orc:2    | Found a flickering gateway to a bazaar.
 27229 | Bazaar   | Entered a bazaar
 27274 | Bazaar   | Found Poebbawi's Jewellery Boutique.
 27296 | Bazaar   | Found Jueruom's Magic Scroll Emporium.
 27317 | Bazaar   | Found Kud Qyess's Book Boutique.
 27337 | Bazaar   | Found Cuvon's Armour Shoppe.
 27364 | Bazaar   | Bought a ring of positive energy for 240 gold pieces
 27364 | Bazaar   | Bought a ring of protection from cold for 300 gold pieces
 27379 | Bazaar   | Bought a scroll of enchant armour for 75 gold pieces
 27379 | Bazaar   | Bought a scroll of teleportation for 30 gold pieces
 27775 | Orc:2    | Paralysed by an orc sorcerer for 5 turns
 27989 | Orc:2    | Reached skill level 9 in Invocations
 28004 | Orc:2    | Found an ancient bone altar of Kikubaaqudgha.
 28020 | Orc:2    | Found Qicloj's Distillery.
 28040 | Orc:2    | Noticed Erolcha
 28042 | Orc:2    | Found a radiant altar of Vehumet.
 28044 | Orc:2    | Killed Erolcha
 28115 | Orc:2    | Found Xiumiycide's Book Emporium.
 28135 | Orc:2    | Found Ileri's Antique Weapon Emporium.
 28155 | Orc:2    | Found Otuale's Antique Weapon Shoppe.
 28318 | Orc:2    | Found a staircase to the Elven Halls.
 28671 | Orc:1    | Found Voofraum's Antique Weapon Shop.
 28948 | D:11     | Noticed Maurice
 28949 | D:11     | Noticed Harold
 28955 | D:11     | Killed Maurice
 28960 | D:11     | Killed Harold
 29184 | D:11     | Noticed a stone giant
 29188 | D:11     | Killed a stone giant
 29189 | D:11     | Reached skill level 8 in Dodging
 29815 | D:11     | Reached skill level 14 in Fighting
 29977 | D:11     | Found an iron altar of Okawaru.
 30230 | D:12     | Reached skill level 1 in Evocations
 30255 | D:12     | Reached skill level 12 in Armour
 30537 | D:12     | Reached XP level 15. HP: 106/122 MP: 18/22
 30632 | D:12     | Reached skill level 14 in Axes
 31582 | D:13     | Noticed Urug
 31585 | D:13     | Killed Urug
 31880 | D:13     | Reached skill level 2 in Evocations
 32571 | D:14     | You pick up a book of Necromancy and begin reading...
 32571 | D:14     | You add the spells Pain and Animate Skeleton to your
                  | library.
 32576 | D:14     | Found a gate to the Vaults.
 32585 | D:14     | Reached skill level 10 in Invocations
 33578 | D:15     | Entered Level 15 of the Dungeon
 34062 | D:15     | Noticed Jorgrun
 34084 | D:15     | Killed Jorgrun
 34341 | D:15     | Reached skill level 3 in Evocations
 34561 | D:15     | HP: 21/123 [skeletal warrior/+2 war axe of electrocution[a
                  | skeletal warrior] (10)]
 35491 | D:15     | Found a staircase to the Depths.
 35775 | D:15     | Acquired 1131 gold pieces
 35949 | Elf:1    | Entered Level 1 of the Elven Halls
 36197 | Elf:1    | Found Buor's Jewellery Boutique.
 36263 | Elf:1    | HP: 14/120 [deep elf zephyrmancer/bolt of lightning (33)]
 36270 | Elf:1    | Slain by a +1 glaive of freezing

Vanquished Creatures
  Jorgrun (D:15)
  An orc warlord (D:10)
  A stone giant (D:15)
  A fire dragon (Lair:6)
  Harold (D:11)
  A boulder beetle (D:11)
  6 hydras
  A rakshasa (D:15)
  3 centaur warriors
  A vault guard (D:14)
  Erica (Lair:1)
  Erolcha (Orc:2)
  3 ogre magi (Orc:2)
  A catoblepas (Lair:3)
  5 two-headed ogres
  A death knight (D:12)
  A tengu warrior (D:15)
  A dancing weapon (Elf:1)
  An orc high priest (Orc:2)
  A fire crab (Lair:6)
  3 skeletal warriors (D:15)
  A bog body (Lair:2)
  A lindwurm (Lair:1)
  A cyclops (shapeshifter) (D:11)
  6 deep elf pyromancers
  9 ugly things
  6 orc sorcerers (Orc:2)
  4 deep elf zephyrmancers (Elf:1)
  2 orc knights
  3 cyclopes
  A manticore (D:14)
  8 black mambas
  Maurice (D:11)
  3 elephants (Lair:5)
  5 cane toads
  2 molten gargoyles (Lair:6)
  A guardian serpent (Lair:2)
  A gargoyle (D:13)
  An efreet (D:13)
  6 komodo dragons
  A kobold demonologist (D:11)
  A rime drake (Lair:6)
  A freezing wraith (D:11)
  7 trolls
  Prince Ribbit (Lair:1)
  6 blink frogs
  4 dream sheep
  7 slime creatures
  5 wyverns
  A wraith (D:10)
  28 yaks
  4 basilisks
  A water elemental (Elf:1)
  13 humans (D:14)
  9 vampire mosquitoes
  A warg (Orc:1)
  2 swamp worms (Lair:2)
  2 acid dragons
  A hell hound (Lair:6)
  5 water moccasins
  15 orc warriors
  4 black bears
  3 necrophages
  A hornet zombie (D:7)
  3 ogres
  2 wolves (Lair:2)
  8 centaurs
  A gnoll sergeant (D:10)
  A kobold brigand (Bailey)
  3 bullfrogs
  A scorpion (D:4)
  A killer bee (D:8)
  7 wights
  2 howler monkeys (D:13)
  3 electric eels (Lair:1)
  10 centaur zombies
  A human zombie (D:9)
  11 orc priests
  4 hounds
  2 jellies (D:2)
  2 bullfrog skeletons
  2 iguanas (D:6)
  24 orc wizards
  A killer bee zombie (D:9)
  2 ogre zombies (D:10)
  A mummy (D:9)
  2 howler monkey zombies
  10 gnolls
  6 adders
  4 shadow imps
  A worm (D:2)
  3 dart slugs
  58 orcs
  5 ball pythons
  3 bat skeletons (D:5)
  2 bat zombies (D:5)
  15 endoplasms
  4 giant cockroaches (D:1)
  5 hobgoblins
  3 jackals (D:4)
  17 kobolds
  A quokka (D:1)
  6 bats
  5 frilled lizards
  7 goblins
  A goblin skeleton (D:10)
  3 goblin zombies (D:10)
  2 hobgoblin skeletons (D:10)
  4 orc skeletons (D:10)
  11 orc zombies (D:10)
  2 rats
493 creatures vanquished.

Vanquished Creatures (collateral kills)
  A stone giant (D:11)
  4 hydras
  A catoblepas (Lair:5)
  A centaur warrior (D:15)
  3 tengu warriors (D:15)
  Urug (D:13)
  Nergalle (Orc:1)
  A fire crab (shapeshifter) (D:13)
  3 skeletal warriors
  2 bog bodies (Lair:2)
  A wizard (D:14)
  2 orc knights (Bailey)
  2 lindwurms (Lair:1)
  A deep elf zephyrmancer (Elf:1)
  A necromancer (D:14)
  2 deep elf pyromancers
  2 ugly things (D:15)
  2 cyclopes
  3 elephants (Lair:5)
  A black mamba (Lair:6)
  11 cane toads
  Maggie (D:7)
  A molten gargoyle (Lair:6)
  A freezing wraith (D:15)
  6 komodo dragons
  2 efreet
  A troll (Orc:1)
  7 dream sheep
  5 slime creatures
  5 blink frogs
  2 shadows
  A vampire (D:11)
  16 yaks
  2 wraiths
  8 humans (D:14)
  2 wyverns
  2 steam dragons (Lair:6)
  3 basilisks
  3 vampire mosquitoes
  A swamp worm (Lair:2)
  A warg (D:10)
  3 hell hounds (Lair:6)
  An acid dragon (D:11)
  6 water moccasins
  15 orc warriors
  A sky beast (D:8)
  An ice beast (D:6)
  2 black bears
  A necrophage (D:9)
  7 ogres
  2 wolves (Lair:2)
  2 phantoms
  3 centaurs
  4 kobold brigands
  A gnoll sergeant (D:6)
  6 bullfrogs
  2 scorpions
  A water moccasin skeleton (D:5)
  3 troll zombies (D:10)
  9 wights
  8 killer bees
  2 electric eels
  3 centaur zombies
  A howler monkey (D:13)
  3 lava snakes (Lair:6)
  A hound (D:6)
  2 orc priests
  A gnoll shaman (D:6)
  3 iguanas
  10 orc wizards
  3 ogre zombies (D:10)
  2 gnolls
  2 adder skeletons
  A dart slug (D:3)
  15 orcs
  A bat (Orc:1)
  3 endoplasms (D:2)
  3 goblins
  A hobgoblin (D:3)
  A jackal (D:4)
  A quokka (D:4)
  A ball python (D:4)
  A goblin skeleton (D:10)
  A hobgoblin skeleton (D:10)
  6 kobolds
  2 orc zombies (D:10)
264 creatures vanquished.

Vanquished Creatures (others)
  An orc wizard (Orc:2)
  14 battlemagi
  An ancestor (D:2)
  An orc (Orc:2)
  40 fungi
  50 plants
  9 toadstools (D:2)
116 creatures vanquished.

Grand Total: 873 creatures vanquished

Table legend:
 A = Non-vault XP
 B = Vault XP
 C = Vault XP percentage of total XP
 D = Non-vault monster count
 E = Vault monster count
 F = Vault count percentage of total count
                 A         B        C        D         E       F
            +---------+---------+-------+---------+---------+-------
      Total |   95593 |   53683 |  36.0 |     503 |     254 |  33.6
            +---------+---------+-------+---------+---------+-------
        D:1 |      35 |      10 |  22.2 |      22 |       5 |  18.5
        D:2 |      62 |     112 |  64.4 |      20 |      17 |  45.9
        D:3 |      97 |       0 |   0.0 |      10 |       0 |   0.0
        D:4 |     351 |       0 |   0.0 |      14 |       0 |   0.0
        D:5 |     757 |      10 |   1.3 |      13 |       5 |  27.8
        D:6 |     958 |       0 |   0.0 |      27 |       0 |   0.0
        D:7 |    1139 |     504 |  30.7 |      19 |       2 |   9.5
        D:8 |    2297 |       0 |   0.0 |      37 |       0 |   0.0
        D:9 |    1327 |     743 |  35.9 |      20 |      16 |  44.4
       D:10 |    3949 |    1997 |  33.6 |      21 |      44 |  67.7
       D:11 |    3837 |    9297 |  70.8 |      11 |      19 |  63.3
       D:12 |    8195 |       0 |   0.0 |      24 |       0 |   0.0
       D:13 |    6807 |     916 |  11.9 |      20 |       4 |  16.7
       D:14 |    3455 |    6347 |  64.8 |       7 |      25 |  78.1
       D:15 |   14293 |    4667 |  24.6 |      27 |       4 |  12.9
     Lair:1 |    5234 |    3556 |  40.5 |      21 |       7 |  25.0
     Lair:2 |    3975 |    3040 |  43.3 |      16 |       8 |  33.3
     Lair:3 |    3664 |    1102 |  23.1 |      10 |       5 |  33.3
     Lair:4 |    2042 |       0 |   0.0 |       5 |       0 |   0.0
     Lair:5 |   11298 |       0 |   0.0 |      41 |       0 |   0.0
     Lair:6 |   13044 |    8400 |  39.2 |      37 |      27 |  42.2
      Orc:1 |    2683 |     794 |  22.8 |      37 |       8 |  17.8
      Orc:2 |    2671 |    7962 |  74.9 |      38 |      41 |  51.9
      Elf:1 |    3423 |    1852 |  35.1 |       6 |       4 |  40.0
     Bailey |       0 |    2374 | 100.0 |       0 |      13 | 100.0
            +---------+---------+-------+---------+---------+-------

Illustrated notes

Table legend:
 A = Kills in this place as a percentage of kills in entire the game.
 B = Kills by you in this place as a percentage of kills by you in the entire game.
 C = Kills by friends in this place as a percentage of kills by friends in the entire game.
 D = Other kills in this place as a percentage of other kills in the entire game.
 E = Experience gained in this place as a percentage of experience gained in the entire game.
 F = Experience gained in this place divided by the number of levels of this place that you have seen.
                   A       B       C       D       E      F
               +-------+-------+-------+-------+-------+----------------------
         Total | 100.0 | 100.0 | 100.0 |   N/A | 100.0 | 5741.4
       Dungeon |  57.2 |  59.8 |  52.3 |   N/A |  48.3 | 4810.8
          Lair |  23.4 |  19.1 |  31.4 |   N/A |  37.1 | 9225.8
  Orcish Mines |  16.4 |  18.3 |  12.9 |   N/A |   9.5 | 7055.0
   Elven Halls |   1.3 |   1.8 |   0.4 |   N/A |   3.5 | 5275.0
        Bailey |   1.7 |   1.0 |   3.0 |   N/A |   1.6 | 2374.0
               +-------+-------+-------+-------+-------+----------------------

Table legend: (Time is in decaauts)
 A = Elapsed time spent in this place.
 B = Non-inter-level travel time spent in this place.
 C = Inter-level travel time spent in this place.
 D = Time resting spent in this place.
 E = Time spent auto-exploring this place.
 F = Levels seen in this place.
 G = Mean time per level.
                   A        B        C        D        E       F      G
               +--------+--------+--------+--------+--------+-----+--------+
         Total |  36636 |  34662 |   1974 |   5989 |  23744 |  26 | 1409.1 |
       Dungeon |  21742 |  20542 |   1200 |   3074 |  14578 |  15 | 1449.5 |
          Lair |  10930 |  10493 |    437 |   2587 |   6712 |   6 | 1821.7 |
  Orcish Mines |   2498 |   2163 |    335 |      0 |   1622 |   2 | 1249.0 |
   Elven Halls |    320 |    320 |      0 |      3 |    255 |   1 |  320.0 |
        Bazaar |    174 |    174 |      0 |      0 |    125 |   1 |  174.0 |
        Bailey |    969 |    969 |      0 |    325 |    451 |   1 |  969.0 |
               +--------+--------+--------+--------+--------+-----+--------+

Top non-repeatable levels by time:
  Lair:1: 2499 daAuts
  Lair:6: 2252 daAuts
  Lair:5: 2245 daAuts
     D:7: 2091 daAuts
     D:8: 2047 daAuts
     D:2: 1941 daAuts
    D:14: 1916 daAuts
  Lair:2: 1821 daAuts
    D:10: 1682 daAuts
    D:15: 1560 daAuts
     D:1: 1483 daAuts
   Orc:2: 1431 daAuts
     D:6: 1361 daAuts
    D:11: 1287 daAuts
     D:4: 1165 daAuts
